| TOP OF THE 1ST |
|
Round Rock Express batting - Pitching for Rochester Red Wings : RHP George Cooper
|
|
Pitching: RHP George Cooper
|
|
|
Batting: RHB Jason Sher
|
0-0: Called Strike 0-1: Ball 1-1: Bunt missed! 1-2: Foul Ball, location: 2F 1-2: SINGLE (Groundball, 56D, EV 105.6 MPH)
|
|
Batting: RHB Casey Semenza
|
0-0: Ball 1-0: Called Strike 1-1: Ball 2-1: Foul Ball, location: 2F 2-2: SINGLE (Line Drive, 8RS, EV 92.5 MPH) Jason Sher to second
|
|
Batting: LHB Cooper Broomhall
|
0-0: Called Strike 0-1: Ball 1-1: Ball 2-1: Ball 3-1: Base on Balls Jason Sher to third Casey Semenza to second
|
|
Batting: LHB Josh Stuck
|
0-0: Grounds into double play, 4-6-3 (Groundball, 4, EV 84.4 MPH) Jason Sher scores Casey Semenza to third
|
|
Batting: RHB Cody Flowers
|
0-0: Called Strike 0-1: Foul Ball, location: 2F 0-2: Ball 1-2: Foul Ball, location: 2F 1-2: Ball 2-2: Ball 3-2: Fly out, F8 (Flyball, 8RD, EV 99.4 MPH)
|
| Top of the 1st over - 1 run, 2 hits, 0 errors, 1 left on base; Round Rock 1 - Rochester 0 |
| BOTTOM OF THE 1ST |
|
Rochester Red Wings batting - Pitching for Round Rock Express : RHP Pete Rance
|
|
Pitching: RHP Pete Rance
|
|
|
Batting: RHB Alex Sandoval
|
0-0: Ball 1-0: Foul Ball, location: 2F 1-1: Ground out 6-3 (Groundball, 6MD, EV 104.4 MPH)
|
|
Batting: RHB Yonetoshi Muranaka
|
0-0: Called Strike 0-1: Called Strike 0-2: Ball 1-2: Ball 2-2: Ball 3-2: Foul Ball, location: 2F 3-2: Foul Ball, location: 2F 3-2: Base on Balls
|
|
Batting: SHB Gerardo Flores
|
0-0: Called Strike 0-1: Fly out, F7 (Flyball, 78M, EV 87.5 MPH)
|
|
Batting: SHB Brian Bagley
|
0-0: Called Strike Yonetoshi Muranaka steals 2nd base 0-1: Ball 1-1: Foul Ball, location: 2F 1-2: Ball 2-2: Strikes out swinging
|
| Bottom of the 1st over - 0 runs, 0 hits, 0 errors, 1 left on base; Round Rock 1 - Rochester 0 |
| TOP OF THE 2ND |
|
Round Rock Express batting - Pitching for Rochester Red Wings : RHP George Cooper
|
|
Batting: SHB Greg Prime
|
0-0: Ball 1-0: Called Strike 1-1: Fly out, F9 (Flyball, 9LD, EV 83.8 MPH)
|
|
Batting: RHB Ernie Weathersbee
|
0-0: Fly out, F9 (Flyball, 9D, EV 100.6 MPH)
|
|
Batting: RHB Rodolfo Contreras
|
0-0: Called Strike 0-1: Called Strike 0-2: Foul Ball, location: 2F 0-2: Foul Ball, location: 2F 0-2: Ball 1-2: Ball 2-2: Ball 3-2: Foul Ball, location: 2F 3-2: Strikes out swinging
|
| Top of the 2nd over - 0 runs, 0 hits, 0 errors, 0 left on base; Round Rock 1 - Rochester 0 |
| BOTTOM OF THE 2ND |
|
Rochester Red Wings batting - Pitching for Round Rock Express : RHP Pete Rance
|
|
Batting: LHB Yat-sen Zhu
|
0-0: Called Strike 0-1: Fly out, F7 (Line Drive, 7S, EV 95.6 MPH)
|
|
Batting: RHB Israel Gaona
|
0-0: Swinging Strike 0-1: Ball 1-1: Fly out, F8 (Flyball, 8RM, EV 88.1 MPH)
|
|
Batting: LHB Gerardo Flores
|
0-0: Ground out 5-3 (Groundball, 5, EV 107.5 MPH)
|
| Bottom of the 2nd over - 0 runs, 0 hits, 0 errors, 0 left on base; Round Rock 1 - Rochester 0 |
| TOP OF THE 3RD |
|
Round Rock Express batting - Pitching for Rochester Red Wings : RHP George Cooper
|
|
Batting: RHB Carlos Lopez
|
0-0: Ball 1-0: SINGLE (Line Drive, 7S, EV 95.6 MPH)
|
|
Batting: RHB Jason Sher
|
0-0: Ball 1-0: Grounds into double play, 6-4-3 (Groundball, 56D, EV 82.5 MPH)
|
|
Batting: RHB Casey Semenza
|
0-0: Ball 1-0: Ground out 5-3 (Groundball, 56, EV 80.0 MPH)
|
| Top of the 3rd over - 0 runs, 1 hit, 0 errors, 0 left on base; Round Rock 1 - Rochester 0 |
| BOTTOM OF THE 3RD |
|
Rochester Red Wings batting - Pitching for Round Rock Express : RHP Pete Rance
|
|
Batting: RHB Tony Rivera
|
0-0: Ball 1-0: Foul Ball, location: 2F 1-1: Swinging Strike 1-2: Ball 2-2: Ball 3-2: Foul Ball, location: 2F 3-2: Strikes out swinging
|
|
Batting: RHB Aaron Trotman
|
0-0: Ground out 5-3 (Groundball, 56S, EV 92.5 MPH)
|
|
Batting: RHB Alex Sandoval
|
0-0: Foul Ball, location: 2F 0-1: Fly out, F4 (Line Drive, 34D, EV 69.4 MPH)
|
| Bottom of the 3rd over - 0 runs, 0 hits, 0 errors, 0 left on base; Round Rock 1 - Rochester 0 |
| TOP OF THE 4TH |
|
Round Rock Express batting - Pitching for Rochester Red Wings : RHP George Cooper
|
|
Batting: LHB Cooper Broomhall
|
0-0: Called Strike 0-1: Ball 1-1: Called Strike 1-2: Ball 2-2: Foul Ball, location: 2F 2-2: Foul Ball, location: 2F 2-2: Strikes out looking
|
|
Batting: LHB Josh Stuck
|
0-0: Called Strike 0-1: Ball 1-1: Ball 2-1: SINGLE (Line Drive, 9LS, EV 106.2 MPH)
|
|
Batting: RHB Cody Flowers
|
0-0: Called Strike Josh Stuck is caught stealing 2nd base 2-4 0-1: Ground out 4-3 (Groundball, 4, EV 88.8 MPH)
|
| Top of the 4th over - 0 runs, 1 hit, 0 errors, 0 left on base; Round Rock 1 - Rochester 0 |
| BOTTOM OF THE 4TH |
|
Rochester Red Wings batting - Pitching for Round Rock Express : RHP Pete Rance
|
|
Batting: RHB Yonetoshi Muranaka
|
0-0: Called Strike 0-1: Foul Ball, location: 2F 0-2: SINGLE (Line Drive, 6M, EV 100.0 MPH)
|
|
Batting: SHB Gerardo Flores
|
0-0: Ball 1-0: Called Strike Yonetoshi Muranaka steals 2nd base (no throw) 1-1: Fly out, F9 (Line Drive, 9S, EV 95.6 MPH)
|
|
Batting: SHB Brian Bagley
|
0-0: Ball 1-0: Foul Ball, location: 2F 1-1: Swinging Strike 1-2: Strikes out looking
|
|
Batting: LHB Yat-sen Zhu
|
0-0: Ball 1-0: Foul Ball, location: 2F 1-1: Ground out 5-3 (Groundball, 56, EV 83.8 MPH)
|
| Bottom of the 4th over - 0 runs, 1 hit, 0 errors, 1 left on base; Round Rock 1 - Rochester 0 |
| TOP OF THE 5TH |
|
Round Rock Express batting - Pitching for Rochester Red Wings : RHP George Cooper
|
|
Batting: SHB Greg Prime
|
0-0: Ball 1-0: SINGLE (Groundball, 4MD, EV 106.2 MPH)
|
|
Batting: RHB Ernie Weathersbee
|
0-0: Called Strike 0-1: Called Strike 0-2: Fielders Choice at 2nd, 1-4 (Groundball, 15, EV 73.8 MPH)
|
|
Batting: RHB Rodolfo Contreras
|
0-0: Ball 1-0: Ball 2-0: Called Strike Ernie Weathersbee is caught stealing 2nd base 2-4 2-1: Called Strike 2-2: Strikes out swinging
|
| Top of the 5th over - 0 runs, 1 hit, 0 errors, 0 left on base; Round Rock 1 - Rochester 0 |
| BOTTOM OF THE 5TH |
|
Rochester Red Wings batting - Pitching for Round Rock Express : RHP Pete Rance
|
|
Batting: RHB Israel Gaona
|
0-0: Ball 1-0: Ground out 4-3 (Groundball, 4, EV 89.4 MPH)
|
|
Batting: LHB Gerardo Flores
|
0-0: Ball 1-0: Called Strike 1-1: Ball 2-1: Foul Ball, location: 2F 2-2: Ball 3-2: Strikes out swinging
|
|
Batting: RHB Tony Rivera
|
0-0: Called Strike 0-1: Called Strike 0-2: Ball 1-2: Foul Ball, location: 2F 1-2: Foul Ball, location: 2F 1-2: Foul Ball, location: 2F 1-2: Ball 2-2: SINGLE (Groundball, 6D, EV 93.8 MPH)
|
|
Batting: RHB Aaron Trotman
|
0-0: Ball Tony Rivera steals 2nd base (no throw) 1-0: SINGLE (Line Drive, 6D, EV 100.0 MPH) Tony Rivera to third
|
|
Batting: RHB Alex Sandoval
|
0-0: Ball 1-0: Ball 2-0: Ball 3-0: Called Strike 3-1: Called Strike 3-2: Base on Balls Aaron Trotman to second
|
|
Batting: RHB Yonetoshi Muranaka
|
0-0: Foul Ball, location: 2F 0-1: Fly out, F9 (Flyball, 9D, EV 78.1 MPH)
|
| Bottom of the 5th over - 0 runs, 2 hits, 0 errors, 3 left on base; Round Rock 1 - Rochester 0 |
| TOP OF THE 6TH |
|
Round Rock Express batting - Pitching for Rochester Red Wings : RHP George Cooper
|
|
Batting: RHB Carlos Lopez
|
0-0: Ball 1-0: Ball 2-0: Called Strike 2-1: Ground out 5-3 (Groundball, 56, EV 104.4 MPH)
|
|
Batting: RHB Jason Sher
|
0-0: Ground out 6-3 (Groundball, 56, EV 103.8 MPH)
|
|
Batting: RHB Casey Semenza
|
0-0: Called Strike 0-1: Ball 1-1: Ground out 6-3 (Groundball, 6, EV 85.6 MPH)
|
| Top of the 6th over - 0 runs, 0 hits, 0 errors, 0 left on base; Round Rock 1 - Rochester 0 |
| BOTTOM OF THE 6TH |
|
Rochester Red Wings batting - Pitching for Round Rock Express : RHP Pete Rance
|
|
Batting: SHB Gerardo Flores
|
0-0: Fly out, F7 (Line Drive, 7S, EV 89.4 MPH)
|
|
Batting: SHB Brian Bagley
|
0-0: Called Strike 0-1: Ball 1-1: Swinging Strike 1-2: Ball 2-2: SINGLE (Groundball, 34D, EV 96.2 MPH)
|
|
Batting: LHB Yat-sen Zhu
|
0-0: Called Strike 0-1: Ball 1-1: Called Strike 1-2: Ball 2-2: Foul Ball, location: 2F 2-2: DOUBLE (Flyball, 89XD, EV 111.9 MPH) Brian Bagley to third Runner from 3rd tries for Home, SAFE, throw by CF to trailing runner, OUT at third! 8-3-5
|
|
Batting: RHB Israel Gaona
|
0-0: Called Strike 0-1: Foul Ball, location: 2F 0-2: SINGLE (Groundball, 34S, EV 65.6 MPH) (infield hit)
|
|
Batting: LHB Gerardo Flores
|
0-0: Foul Ball, location: 2F 0-1: Ground out 4-3 (Groundball, 4, EV 103.1 MPH)
|
| Bottom of the 6th over - 1 run, 3 hits, 0 errors, 1 left on base; Round Rock 1 - Rochester 1 |
| TOP OF THE 7TH |
|
Round Rock Express batting - Pitching for Rochester Red Wings : RHP George Cooper
|
|
Pitching: RHP Mike Ferry
|
|
|
Batting: LHB Cooper Broomhall
|
0-0: Foul Ball, location: 2F 0-1: Ball 1-1: Foul Ball, location: 2F 1-2: Ball 2-2: Fly out, F8 (Line Drive, 8RM, EV 101.9 MPH)
|
|
Batting: LHB Josh Stuck
|
0-0: Ball 1-0: Ground out 6-3 (Groundball, 6M, EV 83.1 MPH)
|
|
Batting: RHB Cody Flowers
|
0-0: Called Strike 0-1: Ground out 3-1 (Groundball, 34S, EV 90.6 MPH)
|
| Top of the 7th over - 0 runs, 0 hits, 0 errors, 0 left on base; Round Rock 1 - Rochester 1 |
| BOTTOM OF THE 7TH |
|
Rochester Red Wings batting - Pitching for Round Rock Express : RHP Pete Rance
|
|
Batting: RHB Tony Rivera
|
0-0: Called Strike 0-1: Ball 1-1: Foul Ball, location: 2F 1-2: Ball 2-2: SINGLE (Flyball, 89S, EV 93.1 MPH)
|
|
Batting: RHB Aaron Trotman
|
0-0: Ball 1-0: Sac Bunt to 2L - play at first, batter OUT! 2-3 Tony Rivera to second
|
|
Batting: RHB Alex Sandoval
|
0-0: Swinging Strike 0-1: Ball 1-1: Ball 2-1: Called Strike 2-2: Strikes out swinging
|
|
Pitching: RHP Aaron Munt
|
|
|
Batting: RHB Yonetoshi Muranaka
|
0-0: Ball 1-0: Ball 2-0: Ball 3-0: Called Strike 3-1: Ground out 6-3 (Groundball, 6, EV 108.8 MPH)
|
| Bottom of the 7th over - 0 runs, 1 hit, 0 errors, 1 left on base; Round Rock 1 - Rochester 1 |
| TOP OF THE 8TH |
|
Round Rock Express batting - Pitching for Rochester Red Wings : RHP Mike Ferry
|
|
Batting: SHB Greg Prime
|
0-0: Ground out 3-1 (Groundball, 34S, EV 85.0 MPH)
|
|
Batting: RHB Ernie Weathersbee
|
0-0: Ball 1-0: Called Strike 1-1: Ball 2-1: Ball 3-1: Called Strike 3-2: Base on Balls
|
|
Pinch Hitting: LHB Manuel Arguello
|
0-0: Ball 1-0: Ball 2-0: Called Strike 2-1: Called Strike Ernie Weathersbee steals 2nd base 2-2: Ball 3-2: Intentional Walk
|
|
Pinch Hitting: LHB Rich Butler
|
0-0: Hit by Pitch Ernie Weathersbee to third Manuel Arguello to second
|
|
Batting: RHB Jason Sher
|
0-0: Grounds into fielders choice 3-2 (Groundball, 34, EV 88.1 MPH) Manuel Arguello to third Rich Butler to second
|
|
Batting: RHB Casey Semenza
|
0-0: Called Strike 0-1: Called Strike 0-2: Ball 1-2: Fielders Choice at 2nd, 6-4 (Groundball, 6D, EV 102.5 MPH)
|
| Top of the 8th over - 0 runs, 0 hits, 0 errors, 3 left on base; Round Rock 1 - Rochester 1 |
| BOTTOM OF THE 8TH |
|
Rochester Red Wings batting - Pitching for Round Rock Express : RHP Aaron Munt
|
|
Now at SS: Ivan Colon
|
|
|
Now in CF: Dale Aubrey
|
|
|
Batting: SHB Gerardo Flores
|
0-0: Ball 1-0: Ball 2-0: Foul Ball, location: 2F 2-1: Fly out, F8 (Line Drive, 8RM, EV 90.6 MPH)
|
|
Batting: SHB Brian Bagley
|
0-0: Ball 1-0: Swinging Strike 1-1: Ball 2-1: Ball 3-1: Foul Ball, location: 2F 3-2: Strikes out swinging
|
|
Batting: LHB Yat-sen Zhu
|
0-0: Called Strike 0-1: Ball 1-1: Ball 2-1: Called Strike 2-2: Fly out, F8 (Flyball, 8LM, EV 90.0 MPH)
|
| Bottom of the 8th over - 0 runs, 0 hits, 0 errors, 0 left on base; Round Rock 1 - Rochester 1 |
| TOP OF THE 9TH |
|
Round Rock Express batting - Pitching for Rochester Red Wings : RHP Mike Ferry
|
|
Pitching: RHP Keeley Schenk
|
|
|
Batting: LHB Cooper Broomhall
|
0-0: SINGLE (Line Drive, 7S, EV 90.0 MPH)
|
|
Batting: LHB Josh Stuck
|
0-0: Swinging Strike 0-1: Foul Ball, location: 2F 0-2: Strikes out looking
|
|
Batting: RHB Cody Flowers
|
0-0: Called Strike 0-1: Called Strike Cooper Broomhall steals 2nd, throwing error, E2 Cooper Broomhall to third 0-2: Strikes out swinging
|
|
Batting: SHB Greg Prime
|
0-0: Ball 1-0: Called Strike 1-1: Ball 2-1: Ground out 6-3 (Groundball, 6D, EV 101.9 MPH)
|
| Top of the 9th over - 0 runs, 1 hit, 1 error, 1 left on base; Round Rock 1 - Rochester 1 |
| BOTTOM OF THE 9TH |
|
Rochester Red Wings batting - Pitching for Round Rock Express : RHP Aaron Munt
|
|
Batting: RHB Israel Gaona
|
0-0: Ball 1-0: Foul Ball, location: 2F 1-1: Ground out 4-3 (Groundball, 4M, EV 100.6 MPH)
|
|
Batting: LHB Gerardo Flores
|
0-0: Ball 1-0: Ball 2-0: Called Strike 2-1: SINGLE (Groundball, 6MD, EV 102.5 MPH)
|
|
Batting: RHB Tony Rivera
|
0-0: Ball 1-0: Foul Ball, location: 2F 1-1: Ball 2-1: 2-RUN HOME RUN (Flyball, 7D, EV 96.2 MPH), Distance : 363 ft
|
| Bottom of the 9th over - 2 runs, 2 hits, 0 errors, 0 left on base; Round Rock 1 - Rochester 3 |
|